 Dungeon Crawl Stone Soup version 0.32-a0-520-g344ed53f66 (webtiles) character file.

Game seed: 17938810691666051130

108 snarfax the Chopper (level 4, -13/40 HPs)
             Began as a Mountain Dwarf Fighter on Feb 27, 2024.
             Killed by divine providence
             ... invoked by an orc priest
              (15 damage)
             ... on level 3 of the Dungeon.
             The game lasted 00:03:18 (1291 turns).

snarfax the Chopper (Mountain Dwarf Fighter)        Turns: 1291, Time: 00:03:20

Health: -13/40     AC:  7    Str: 20    XL:     4   Next: 58%
Magic:  4/4        EV:  9    Int:  9    God:
Gold:   140        SH:  4    Dex:  9    Spells: 3/3 levels left

rFire   . . .        a - +1 war axe
rCold   . . .        c - +0 buckler
rNeg    . . .        b - +0 scale mail
rPois   .            (no helmet)
rElec   .            (no cloak)
rCorr   .            (no gloves)
SInv    .            (no boots)
Will    .....        (no amulet) Stlth
                     (no ring)
HPRegen 0.26/turn    (no ring)
MPRegen 0.09/turn

%: no passive effects
@: mighty
A: runic magic, artefact enchanting
a: Convert to Beogh


You were on level 3 of the Dungeon.
You visited 1 branch of the dungeon, and saw 3 of its levels.

You collected 140 gold pieces.

Inventory:

Hand Weapons
 a - a +1 war axe (weapon)
Missiles
 e - 6 poisoned darts (quivered)
Armour
 b - a +0 scale mail (worn)
 c - a +0 buckler (worn)
Jewellery
 k - an amulet of regeneration
Wands
 j - a wand of roots (11)
Scrolls
 f - a scroll of amnesia
Potions
 d - 2 potions of might
 g - a potion of lignification {unknown}
 h - a potion of resistance {unknown}
 i - a potion of berserk rage {unknown}


   Skills:
 + Level 3.9 Fighting
 * Level 4.1 Axes
 + Level 4.0 Armour
 + Level 3.9 Shields


You had 3 spell levels left.
You didn't know any spells.
Your spell library contained the following spells:

 Spells                   Type           Power      Damage    Failure   Level
 Shock                    Conj/Air       0%         1d3       54%         1
 Slow                     Hex            0%         N/A       54%         1
 Confusing Touch          Hex            0%         N/A       88%         3
 Sigil of Binding         Hex            0%         N/A       88%         3
 Swiftness                Air            0%         N/A       88%         3
 Vampiric Draining        Necr           0%         2d6       88%         3
 Airstrike                Air            0%         2d(0-16)  99%         4
 Sculpt Simulacrum        Ice/Alch       0%         N/A       100%        6
 Ozocubu's Refrigeration  Ice            0%         4d7       100%        7
 Polar Vortex             Ice            0%         N/A       100%        9


Dungeon Overview and Level Annotations

Branches:
Dungeon (3/15)

Altars:


Innate Abilities, Weirdness & Mutations

Your spellcasting is much less encumbered by armour.
You can use scrolls of enchantment on lesser artefacts.


Message History

You closely miss the orc.
The orc is heavily wounded.
You hit the orc but do no damage. The orc hits you with a +0 club.
The orc hits you with a +0 hand axe. The giant cockroach barely misses you.
You slash the orc!
You kill the orc!
You closely miss the orc.
You completely miss the giant cockroach.
The orc hits you but does no damage. You block the giant cockroach's attack.
The orc closely misses you.
You hit the orc.
The orc is severely wounded.
You closely miss the giant cockroach.
The giant cockroach bites you but does no damage.
The orc priest invokes the aid of Beogh against you.
Pain shoots through your body! You block the orc's attack.
The giant cockroach bites you but does no damage.
The orc priest shouts, "Beogh offers mercy even to people such as you.
Join us and be reborn!" (press Y on the ability menu to convert to Beogh)
You are too injured to fight recklessly!
Unknown command.
You are too injured to fight recklessly!
Unknown command.
You are too injured to fight recklessly!
The orc priest invokes the aid of Beogh against you.
Beogh smites you!
* * * LOW HITPOINT WARNING * * *
Unknown command.
You feel very mighty all of a sudden.
The giant cockroach bites you but does no damage.
The orc priest looks encouraged for a moment.
You slash the giant cockroach!
You kill the giant cockroach!
You hit the orc.
The orc is severely wounded.
The orc priest shouts, "Surrender to Beogh and we'll let you live!"
The orc hits you but does no damage.
The orc priest calls down the wrath of Beogh upon you.
Beogh smites you!
You die...

####### ....... .......
....... ###
######.......
######.#####..@oo).)?...
#.......#....###...>####
##............#
..###....
##.........#...#.### ...
#.........##.....# .
..#........##...##
.##........##...#
..................
.........#..#.#.##


You could see an orc priest and an orc.

Vanquished Creatures
  Jessica (D:2)
  An adder (D:3)
  2 dart slugs
  3 ribbon worms (D:2)
  An orc (D:3)
  4 ball pythons
  3 bats (D:1)
  2 endoplasms
  7 giant cockroaches
  4 goblins
  8 hobgoblins
  2 jackals (D:2)
  2 quokkas
  3 frilled lizards (D:1)
  6 kobolds
  5 rats
54 creatures vanquished.

Notes
Turn   | Place    | Note
-------+----------+-------------------------------------------
     0 | D:1      | snarfax the Mountain Dwarf Fighter began the quest for the
                  | Orb.
     0 | D:1      | Reached XP level 1. HP: 19/19 MP: 1/1
   198 | D:1      | Reached XP level 2. HP: 26/26 MP: 2/2
   555 | D:1      | Reached XP level 3. HP: 30/31 MP: 3/3
   912 | D:2      | Noticed Jessica
   925 | D:2      | Killed Jessica
   926 | D:2      | Reached XP level 4. HP: 25/40 MP: 4/4
  1288 | D:3      | HP: 1/40 [orc priest/divine providence (16)]
  1291 | D:3      | Killed from afar by an orc priest

Illustrated notes

Levels and vault maps discovered:
D:1:      minmay_arrival_open_corners, layout_basic, st_stairs_4
D:2:      layout_rooms, uniq_jessica
D:3:      layout_rooms, gammafunk_temple_overflow_pools,
          trog_three_pillars_becter

Skill      XL: |  1  2  3  4 |
---------------+-------------+-----
Axes           | 3 4 |  4.1
Armour         | 4 |  4.0
Fighting       | |  3.9
Shields        | |  3.9

Action                     |  1- 3 |  4- 6 || total
---------------------------+-------+-------++-------
  Melee: War axe           |   111 |    25 ||   136
    Use: Scroll            |     4 |       ||     4
         Potion            |       |     1 ||     1
 Armour: Scale mail        |   110 |    22 ||   132
  Dodge: Dodged            |    75 |     8 ||    83
         Repelled          |     2 |       ||     2
  Block: Buckler           |    21 |     6 ||    27

Table legend: (Time is in decaauts)
 A = Elapsed time spent in this place.
 B = Non-inter-level travel time spent in this place.
 C = Inter-level travel time spent in this place.
 D = Time resting spent in this place.
 E = Time spent auto-exploring this place.
 F = Levels seen in this place.
 G = Mean time per level.
                   A        B        C        D        E       F      G
               +--------+--------+--------+--------+--------+-----+--------+
         Total |   1339 |   1320 |     19 |      0 |    958 |   3 |  446.3 |
       Dungeon |   1339 |   1320 |     19 |      0 |    958 |   3 |  446.3 |
               +--------+--------+--------+--------+--------+-----+--------+

Top non-repeatable levels by time:
     D:1: 819 daAuts
     D:2: 451 daAuts
     D:3: 69 daAuts
